 Dungeon Crawl Stone Soup version 0.30.1-3-gfc49f6343a (webtiles) character file.

Game seed: 17097427426440469880

74 shmup the Firebug (level 4, -5/24 HPs)
             Began as a Tengu Fire Elementalist on July 19, 2023.
             Killed by divine providence
             ... invoked by an orc priest
              (11 damage)
             ... on level 3 of the Dungeon.
             The game lasted 00:05:01 (2551 turns).

shmup the Firebug (Tengu Fire Elementalist)         Turns: 2551, Time: 00:05:02

Health: -5/24      AC:  3    Str:  9    XL:     4   Next: 30%
Magic:  7/8        EV: 12    Int: 17    God:
Gold:   202        SH:  0    Dex: 14    Spells: 4/7 levels left

rFire   . . .        b - +2 dagger (vamp)
rCold   . . .        (no shield)
rNeg    . . .        e - +0 robe
rPois   +            (helmet restricted)
rElec   .            u - +0 cloak
rCorr   .            (no gloves)
SInv    .            (boots unavailable)
Will    .....        (no amulet)
Stlth   ++           s - ring of poison resistance
HPRegen 0.24/turn    (no ring)
MPRegen 0.11/turn

%: no passive effects
@: no status effects
A: beak, talons 3
a: no special abilities


You were on level 3 of the Dungeon.
You visited 1 branch of the dungeon, and saw 3 of its levels.

You collected 202 gold pieces.

Inventory:

Hand Weapons
 a - a +0 dagger of electrocution
 b - a +2 vampiric dagger (weapon)
 j - a +0 short sword of distortion
Missiles
 g - 19 stones (quivered)
 k - 8 javelins
 o - 6 poisoned darts
Armour
 e - a +0 robe (worn)
 u - a +0 cloak (worn)
Jewellery
 m - a ring of protection from fire
 s - a ring of poison resistance (left hand)
Wands
 q - a wand of light (4)
Scrolls
 d - 2 scrolls of identify {unknown}
 i - a scroll of teleportation {unknown}
 l - a scroll of vulnerability {unknown}
 n - a scroll of acquirement {unknown}
 t - a scroll of blinking {unknown}
Potions
 c - 5 potions of degeneration {unknown}
 f - 2 potions of might {unknown}
 h - 3 potions of magic
 p - a potion of brilliance {unknown}
 r - a potion of invisibility {unknown}
 v - a potion of heal wounds {unknown}


   Skills:
 - Level 2.1 Dodging
 - Level 2.0 Stealth
 - Level 2.0 Spellcasting
 + Level 3.1 Conjurations
 * Level 4.9 Fire Magic


You had 4 spell levels left.
You knew the following spells:

 Your Spells              Type           Power      Damage    Failure   Level
a - Foxfire               Conj/Fire      60%        2x1d7     3%          1
b - Scorch                Fire           36%        2d6       3%          2

Your spell library contained the following spells:

 Spells                   Type           Power      Damage    Failure   Level
 Inner Flame              Hex/Fire       10%        N/A       22%         3
 Volatile Blastmotes      Fire/Tloc      20%        2d11      22%         3
 Flame Wave               Conj/Fire      15%        2d7       36%         4
 Summon Guardian Golem    Hex/Summ       1%         N/A       50%         3
 Anguish                  Hex/Necr       0%         N/A       88%         4
 Cause Fear               Hex            0%         N/A       88%         4
 Enfeeble                 Hex            0%         N/A       100%        7
 Orb of Destruction       Conj           6%         9d6       100%        7
 Spellforged Servitor     Conj/Summ      3%         N/A       100%        7


Dungeon Overview and Level Annotations

Branches:
Dungeon (3/15)

Altars:


Innate Abilities, Weirdness & Mutations

You have a beak for a mouth.
You have claws for feet.


Message History

The quokka attacks as you move away!
The quokka bites you but does no damage.
The quokka misses you. The quokka attacks as you move away!
The quokka bites you.
* * * LOW HITPOINT WARNING * * *
The quokka attacks as you move away! The quokka barely misses you.
There is an open door here.
The quokka attacks as you move away! The quokka barely misses you.
There's a creature in the doorway!
You miss the quokka. You claw the quokka. Your peck misses the quokka.
The quokka is lightly wounded.
The quokka completely misses you.
You hit the quokka. Your peck misses the quokka.
The quokka is almost dead.
The quokka bites you but does no damage. x2
You hit the quokka.
You feel better.
You kill the quokka!
You barely miss the orc. You claw the orc. Your peck misses the orc.
The orc is moderately wounded.
The orc hits you with a +0 dagger.
* * * LOW HITPOINT WARNING * * *
The orc hits you with a +0 flail.
* * * LOW HITPOINT WARNING * * *
There is an open door, spattered with blood here.
You see here a quokka corpse.
The orc attacks as you move away! The orc misses you.
The orc hits you but does no damage.
The orc priest shouts!
You hit the orc.
You feel better.
Your kick misses the orc. You peck the orc, but do no damage.
The orc is heavily wounded.
The orc barely misses you. The orc hits you with a +0 flail.
* * * LOW HITPOINT WARNING * * *
Unknown command.
Unknown command.
The orc closely misses you. The orc attacks as you move away!
The orc barely misses you.
The orc priest mumbles some strange prayers to Beogh against you.
Beogh smites you!
You die...

▒.▒ ▒.▒ ▒▒▒ .▒▒▒▒ ▒▒+▒▒
▒.. ....▒ ▒▒...▒▒
▒.▒▒.▒▒.▒▒▒.....▒▒
▒)▒..▒▒.▒▒.......▒▒
▒▒▒....▒▒.▒.........▒▒▒▒
.........)'.........'...
▒▒▒....▒▒o▒.o...Q...▒
▒...▒▒▒.▒▒....o..▒▒
▒..▒▒▒▒.▒▒▒.o...▒▒
▒....oo.▒ ▒▒...▒▒
▒▒o▒▒▒▒▒▒ ▒▒%▒▒
▒o▒▒▒.▒▒▒▒▒▒.▒▒▒▒
▒.▒▒.▒.▒.o......▒
▒.▒o▒▒▒.o▒▒▒.▒▒.▒ ▒.o▒▒
▒▒.▒ ...▒ ▒


You could see an orc priest and 2 orcs.

Vanquished Creatures
  2 adders (D:2)
  2 worms (D:2)
  An orc (D:3)
  7 ball pythons
  2 endoplasms
  2 giant cockroaches
  7 goblins
  6 hobgoblins
  3 quokkas
  4 bats
  2 frilled lizards
  3 kobolds
  6 rats
47 creatures vanquished.

Vanquished Creatures (others)
  96 foxfires
96 creatures vanquished.

Grand Total: 143 creatures vanquished

Notes
Turn   | Place    | Note
-------+----------+-------------------------------------------
     0 | D:1      | shmup the Tengu Fire Elementalist began the quest for the
                  | Orb.
     0 | D:1      | Reached XP level 1. HP: 10/10 MP: 4/4
   187 | D:1      | Reached XP level 2. HP: 15/15 MP: 3/6
   190 | D:1      | Learned a level 2 spell: Scorch
   370 | D:1      | Reached skill level 4 in Fire Magic
   696 | D:1      | Found a faded altar of an unknown god.
  1107 | D:2      | Reached XP level 3. HP: 19/19 MP: 2/7
  1682 | D:2      | Reached XP level 4. HP: 13/24 MP: 0/8
  2551 | D:3      | Killed from afar by an orc priest

Illustrated notes

Levels and vault maps discovered:
D:1:      dpeg_arrival_circle_labyrinth_c, layout_rooms,
          hellmonk_ecumenical_altar_leap_of_faith
D:2:      layout_rooms
D:3:      layout_loops_corners, mainiacjoe_overflow_alcove_4

Skill      XL: |  1  2  3  4 |
---------------+-------------+-----
Conjurations   | 2 3 |  3.1
Fire Magic     | 4 |  4.9
Dodging        | |  2.1
Stealth        | |  2.0
Spellcasting   | |  2.0

Action                     |  1- 3 |  4- 6 || total
---------------------------+-------+-------++-------
  Melee: Dagger            |    15 |    10 ||    25
         Peck              |     3 |     1 ||     4
         Kick              |     4 |     3 ||     7
   Cast: Foxfire           |    40 |    20 ||    60
         Scorch            |     6 |       ||     6
   Stab: Sleeping          |     1 |       ||     1
 Armour: Robe              |     8 |     9 ||    17
  Dodge: Dodged            |    30 |    25 ||    55
